 Dungeon Crawl Stone Soup version 0.28.0-1-gb440e238dd (webtiles) character file.

Game seed: 1911134766324032505

359 pkoi the Conjurer (level 6, 0/67 HPs)
             Began as a Draconian Conjurer on Feb 22, 2022.
             Was an Initiate of Sif Muna.
             Succumbed to a water moccasin's poison
             ... on level 5 of the Dungeon.
             The game lasted 00:05:12 (5573 turns).

pkoi the Conjurer (Draconian Conjurer)              Turns: 5573, Time: 00:05:13

Health: 0/67       AC: 23    Str:  9    XL:     6   Next: 37%
Magic:  2/9        EV:  2    Int: 21    God:    Sif Muna [......]
Gold:   86         SH:  0    Dex:  9    Spells: 2/9 levels left

rFire   . . .      SeeInvis .   g - +2 dagger (speed)
rCold   . . .      Faith    .   (no shield)
rNeg    . . .      Spirit   .   (armour unavailable)
rPois   +          Reflect  .   (helmet currently unavailable)
rElec   .          Harm     .   (cloak currently unavailable)
rCorr   .          Rampage  .   (gloves currently unavailable)
Will    .....      NoTele   +   (boots currently unavailable)
Stlth   ++........              (no amulet)
HPRegen 0.21/turn               (no ring)
MPRegen 0.11/turn               (no ring)

@: mighty, lethally poisoned (0 -> -1), tree-form, on berserk cooldown,
attractive, slowed, very slow
A: stationary, stasis, torment immunity, boosted hp, AC +6, unfitting armour,
(cold-blooded)
a: Renounce Religion


You were on level 5 of the Dungeon.
You worshipped Sif Muna.
Sif Muna was noncommittal.
You were a tree.
You visited 2 branches of the dungeon, and saw 6 of its levels.

You collected 86 gold pieces.

Inventory:

Hand Weapons
 c - a +0 dagger
 g - a +2 dagger of speed (weapon)
Missiles
 e - a throwing net
Armour
 h - a +0 pair of boots (melded)
Jewellery
 k - a ring of the Octopus King {Fly AC+1 EV+1 Str+1 Int+1 Dex+1}
   (You took it off a hobgoblin on level 4 of the Dungeon)

   [ring of flight]

   AC:        It affects your AC (+1).
   EV:        It affects your evasion (+1).
   Str:       It affects your strength (+1).
   Int:       It affects your intelligence (+1).
   Dex:       It affects your dexterity (+1).
   Fly:       It grants you flight.
Scrolls
 a - 4 scrolls of identify {unknown}
 i - a scroll of amnesia {unknown}
 j - 2 scrolls of teleportation {unknown}
Potions
 b - a potion of attraction


   Skills:
 - Level 1.7 Dodging
 - Level 1.7 Stealth
 - Level 2.0 Spellcasting
 + Level 6.9 Conjurations
 + Level 1.9 Translocations
 + Level 2.6 Invocations


You had 2 spell levels left.
You knew the following spells:

 Your Spells              Type           Power      Damage    Failure   Level
a - Magic Dart            Conj           100%       1d8       1%          1
b - Searing Ray           Conj           62%        2d6       1%          2
c - Iskenderun's Mystic   Conj/Tloc      20%        2d6       24%         4

Your spell library contained the following spells:

 Spells                   Type           Power      Damage    Failure   Level
 Beastly Appendage        Tmut           4%         N/A       14%         1
 Wereblood                Tmut           2%         N/A       22%         2
 Dazzling Flash           Conj/Hex       32%        N/A       11%         3
 Fulminant Prism          Conj/Hex       8%         3d7       34%         4
 Spider Form              Tmut/Pois      2%         N/A       41%         3
 Petrify                  Tmut/Erth      2%         N/A       82%         4
 Metabolic Englaciation   Hex/Ice        1%         N/A       99%         5
 Statue Form              Tmut/Erth      1%         N/A       100%        6


Dungeon Overview and Level Annotations

Branches:
Dungeon (5/15)             Temple (1/1) D:4

Altars:
Cheibriados
Dithmenos
Elyvilon
Fedhas
Gozag
Hepliaklqana
Nemelex Xobeh
Okawaru
Qazlal
Ru
Sif Muna
Trog
Vehumet
Xom
Zin
The Shining One


Innate Abilities, Weirdness & Mutations

You are a tree.
Your roots penetrate the ground, keeping you stationary.
You cannot be teleported.
You are immune to unholy pain and torment.
Your maximum health is greatly increased.
Your equipment is partially melded.
((Your plain brown scales are hard. (AC +6)))
You cannot fit into any form of body armour.
((You are cold-blooded and may be slowed by cold attacks.))


Message History

You miss the water moccasin.
The water moccasin is severely wounded.
You feel sick. The water moccasin bites you.
* * * LOW HITPOINT WARNING * * *
You hit the water moccasin.
The water moccasin is almost dead.
* * * LOW HITPOINT WARNING * * *
You feel sick. The water moccasin misses you.
You barely miss the water moccasin.
The water moccasin is almost dead.
* * * LOW HITPOINT WARNING * * *
You feel sick. The water moccasin barely misses you.
Unknown command.
It was a potion of lignification.
You turn into a tree.
Your +0 pair of boots melds into your body.
Your roots penetrate the ground.
You feel sick. The water moccasin bites you!
* * * LOW HITPOINT WARNING * * *
It was a potion of berserk rage.
A red film seems to cover your vision as you go berserk!
You feel yourself moving faster!
You feel mighty!
* * * LOW HITPOINT WARNING * * *
You feel sick.
The water moccasin bites you but does no damage. x2
You puncture the water moccasin!
You kill the water moccasin!
Sif Muna accepts your kill.
* * * LOW HITPOINT WARNING * * *
You feel sick.
You have reached level 6!
Your scales feel tougher.
You feel a strong urge to attack something.
* * * LOW HITPOINT WARNING * * *
You feel sick.
* * * LOW HITPOINT WARNING * * *
You feel sick.
You feel your anger nearly subside.
You are no longer berserk.
You are exhausted.
You feel yourself slow down.
You die...

#.#.#### ... #......#
#.# #...##.# #.#
.#....#.# #.##.#......#
.... ##..########
######..####..........
..
#.......#....########.
.# #. #♣##.##.# # ..#.
#.##.######## #.#
.#.####.##.........
......S..............
#.##.#.####.###########
##?....####......#.
...................
#......##..........
#.......†..........


There were no monsters in sight!

Vanquished Creatures
  A water moccasin (D:5)
  An orc priest (D:4)
  Jessica (D:2)
  An orc wizard (D:4)
  3 gnolls (D:4)
  6 adders
  A shadow imp (D:5)
  An ufetubus (D:4)
  2 worms
  2 dart slugs (D:1)
  6 orcs
  4 ball pythons
  5 endoplasms
  3 giant cockroaches
  A goblin (D:3)
  8 hobgoblins
  2 quokkas
  3 bats
  A frilled lizard (D:1)
  7 kobolds
  2 rats (D:1)
61 creatures vanquished.

Vanquished Creatures (others)
  4 plants (D:5)
4 creatures vanquished.

Grand Total: 65 creatures vanquished

Notes
Turn   | Place    | Note
-------+----------+-------------------------------------------
     0 | D:1      | pkoi the Draconian Conjurer began the quest for the Orb.
     0 | D:1      | Reached XP level 1. HP: 14/14 MP: 3/3
   835 | D:1      | Reached XP level 2. HP: 19/20 MP: 3/5
  1266 | D:1      | Learned a level 2 spell: Searing Ray
  1449 | D:1      | Found a faded altar of an unknown god.
  2146 | D:2      | Reached skill level 5 in Conjurations
  2238 | D:2      | Reached XP level 3. HP: 26/26 MP: 0/6
  2674 | D:2      | Noticed Jessica
  2679 | D:2      | Killed Jessica
  2680 | D:2      | Reached XP level 4. HP: 19/33 MP: 2/7
  3322 | D:3      | Found a shadowy altar of Dithmenos.
  3337 | D:3      | Noticed an orc warrior
  3468 | D:4      | Found a staircase to the Ecumenical Temple.
  3474 | D:4      | Reached skill level 6 in Conjurations
  3483 | Temple   | Entered the Ecumenical Temple
  3685 | Temple   | Became a worshipper of Sif Muna the Loreminder
  3785 | D:4      | Reached XP level 5. HP: 29/38 MP: 2/8
  4113 | D:4      | Reached skill level 1 in Invocations
  4200 | D:4      | Learned a level 4 spell: Iskenderun's Mystic Blast
  4754 | D:4      | Found a snail-covered altar of Cheibriados.
  4815 | D:4      | Found a radiant altar of Vehumet.
  4843 | D:4      | Found a shimmering altar of Xom.
  4849 | D:4      | Found the ring of the Octopus King {Fly AC+1 EV+1 Str+1
                  | Int+1 Dex+1}
  4925 | D:4      | Reached skill level 1 in Translocations
  5268 | D:5      | Entered Level 5 of the Dungeon
  5269 | D:5      | Noticed a water moccasin
  5566 | D:5      | HP: 2/57 [water moccasin (7)]
  5568 | D:5      | Killed a water moccasin
  5569 | D:5      | Reached XP level 6. HP: 2/45 MP: 1/9
  5571 | D:5      | HP: 1/100 [poisoned by a water moccasin]
  5573 | D:5      | Succumbed to a water moccasin's poison

Illustrated notes

Levels and vault maps discovered:
D:1:      dpeg_arrival_leaves_temple_mockup, layout_basic,
          basic_ecumenical_altar, chequers_garden
D:2:      layout_loops_ring, uniq_jessica
D:3:      layout_loops_cross, lemuel_doored_altar, minmay_misc_feat_iff,
          lemuel_flame_loot_1
D:4:      layout_loops_corners, mainiacjoe_overflow_boulevard, xom_teletrap_fun,
          mainiacjoe_overflow_catwalk, temple_doors_cd
D:5:      layout_basic, mainiacjoe_overflow_chevrons,
          nicolae_figureground_sparkle
Temple:   nicolae_temple_hex_pool

Skill      XL: |  1  2  3  4  5 |
---------------+----------------+-----
Conjurations   | 5 6 |  6.9
Invocations    | 2 |  2.6
Translocations | 1 |  1.9
Dodging        | |  1.7
Stealth        | |  1.7
Spellcasting   | |  2.0

Action                   |  1- 3 |  4- 6 || total
-------------------------+-------+-------++-------
Melee: Unarmed           |    49 |       ||    49
       Tailslap          |     9 |     2 ||    11
       Dagger            |    14 |     9 ||    23
 Cast: Magic Dart        |    52 |    56 ||   108
       Searing Ray       |     1 |     6 ||     7
  Use: Potion            |       |     4 ||     4
Armor: Skin              |    24 |     3 ||    27
Dodge: Dodged            |    50 |    15 ||    65
